PAA
SPRINGFIELD SHOOTERS @ RICHLAND RAILS
05/08/2022
 
TOP OF THE 1ST
Springfield Shooters batting - Pitching for Richland Rails : RHP Tom Jones
Pitching: RHP Tom Jones
Batting: SHB Albert Santos 0-0: Called Strike
0-1: Ball
1-1: Ball
2-1: Ball
3-1: Called Strike
3-2: Foul Ball, location: 2F
3-2: Foul Ball, location: 2F
3-2: Fly out, F7 (Flyball, 7M)
Batting: RHB Ethan Miller 0-0: Ball
1-0: Foul Ball, location: 2F
1-1: Ball
2-1: Ground out 5-3 (Groundball, 56S)
Batting: RHB José López 0-0: Ball
1-0: Foul Ball, location: 2F
1-1: Foul Ball, location: 2F
1-2: Ball
2-2: Ball
3-2: Ground out 6-3 (Groundball, 6)
Top of the 1st over - 0 run(s), 0 hit(s), 0 error(s), 0 left on base; Springfield 0 - Richland 0
BOTTOM OF THE 1ST
Richland Rails batting - Pitching for Springfield Shooters : RHP Clarence Love
Pitching: RHP Clarence Love
Batting: RHB Ramón Cruz 0-0: Ball
1-0: Ball
2-0: Ground out 5-3 (Groundball, 5S)
Batting: SHB Jasper Otto 0-0: Called Strike
0-1: Swinging Strike
0-2: Ball
1-2: Foul Ball, location: 2F
1-2: Ball
2-2: Strikes out swinging
Batting: LHB Valentín Salas 0-0: SINGLE (Line Drive, 4D)
Batting: RHB Gustavo Berrios 0-0: Ball
1-0: Called Strike
1-1: Ball
2-1: Foul Ball, location: 2F
2-2: Ball
3-2: Strikes out looking
Bottom of the 1st over - 0 run(s), 1 hit(s), 0 error(s), 1 left on base; Springfield 0 - Richland 0
TOP OF THE 2ND
Springfield Shooters batting - Pitching for Richland Rails : RHP Tom Jones
Batting: SHB Michael Coleman 0-0: Ball
1-0: SINGLE (Line Drive, 6M)
Batting: SHB Juan Gil 0-0: Fielders Choice at 2nd, 4-6 (Groundball, 4)
Batting: LHB Joram Nelen 0-0: Ball
1-0: Ball
2-0: Foul Ball, location: 2F
2-1: Fly out, F7 (Popup, 5DF)
Batting: RHB Iván Ríos 0-0: Ball
1-0: Ball
Passed Ball!
Juan Gil to second
2-0: Called Strike
2-1: Foul Ball, location: 2F
2-2: Ball
3-2: SINGLE (Line Drive, 4MD)
Juan Gil to third
Juan Gil scores
Batting: RHB Ed Lee 0-0: Ground out 5-3 (Groundball, 56)
Top of the 2nd over - 1 run(s), 2 hit(s), 0 error(s), 1 left on base; Springfield 1 - Richland 0
BOTTOM OF THE 2ND
Richland Rails batting - Pitching for Springfield Shooters : RHP Clarence Love
Batting: SHB Felipe Cisneros 0-0: Called Strike
0-1: Ball
1-1: Ball
2-1: Foul Ball, location: 2F
2-2: Ball
3-2: Strikes out swinging
Batting: RHB Andrew Hall 0-0: Called Strike
0-1: Ground out 4-3 (Groundball, 34)
Batting: RHB Bernardo Cruz 0-0: Called Strike
0-1: Ball
1-1: Foul Ball, location: 2F
1-2: Ground out 1-3 (Groundball, 15)
Bottom of the 2nd over - 0 run(s), 0 hit(s), 0 error(s), 0 left on base; Springfield 1 - Richland 0
TOP OF THE 3RD
Springfield Shooters batting - Pitching for Richland Rails : RHP Tom Jones
Batting: RHB Javier Vásquez 0-0: Called Strike
0-1: Ball
1-1: Swinging Strike
1-2: Strikes out swinging
Batting: SHB Albert Santos 0-0: Swinging Strike
0-1: Foul Ball, location: 2F
0-2: Strikes out looking
Batting: RHB Ethan Miller 0-0: Ball
1-0: DOUBLE (Line Drive, 5L)
Batting: RHB José López 0-0: Ball
1-0: Called Strike
1-1: Ball
2-1: SINGLE (Flyball, 8RS)
Ethan Miller to third
Batting: SHB Michael Coleman 0-0: SINGLE (Line Drive, 3L)
Ethan Miller scores
José López to second
Batting: SHB Juan Gil 0-0: Fly out, F5 (Popup, 56)
Top of the 3rd over - 1 run(s), 3 hit(s), 0 error(s), 2 left on base; Springfield 2 - Richland 0
BOTTOM OF THE 3RD
Richland Rails batting - Pitching for Springfield Shooters : RHP Clarence Love
Batting: RHB Francisco Avelleyra 0-0: Ball
1-0: Foul Ball, location: 2F
1-1: Swinging Strike
1-2: Ground out 5-3 (Groundball, 5S)
Batting: LHB Roberto Madrid 0-0: Foul Ball, location: 2F
0-1: Swinging Strike
0-2: Strikes out swinging
Batting: RHB Ramón Cruz 0-0: Ball
1-0: SINGLE (Flyball, 9LS)
Batting: SHB Jasper Otto 0-0: Ball
1-0: Ball
Ramón Cruz steals 2nd base
2-0: SINGLE (Line Drive, 6D)
Ramón Cruz to third
Runner from 3rd tries for Home, SAFE, no throw or cutoff
Batting: LHB Valentín Salas 0-0: Ball
1-0: Called Strike
1-1: Foul Ball, location: 2F
1-2: Foul Ball, location: 2F
1-2: Fly out, F6 (Line Drive, 6)
Bottom of the 3rd over - 1 run(s), 2 hit(s), 0 error(s), 1 left on base; Springfield 2 - Richland 1
TOP OF THE 4TH
Springfield Shooters batting - Pitching for Richland Rails : RHP Tom Jones
Batting: LHB Joram Nelen 0-0: Called Strike
0-1: Ball
1-1: Foul Ball, location: 2F
1-2: Strikes out swinging
Batting: RHB Iván Ríos 0-0: Ball
1-0: Ground out 5-3 (Groundball, 56)
Batting: RHB Ed Lee 0-0: Ball
1-0: Ball
2-0: Ground out 6-3 (Groundball, 6)
Top of the 4th over - 0 run(s), 0 hit(s), 0 error(s), 0 left on base; Springfield 2 - Richland 1
BOTTOM OF THE 4TH
Richland Rails batting - Pitching for Springfield Shooters : RHP Clarence Love
Batting: RHB Gustavo Berrios 0-0: Swinging Strike
0-1: Ball
1-1: Ball
2-1: Swinging Strike
2-2: Foul Ball, location: 2F
2-2: Ball
3-2: Base on Balls
Batting: SHB Felipe Cisneros 0-0: Ball
1-0: Swinging Strike
1-1: 2-RUN HOME RUN (Flyball, 9D), Distance : 348 ft
Batting: RHB Andrew Hall 0-0: Called Strike
0-1: Ball
1-1: Foul Ball, location: 2F
1-2: Fly out, F9 (Flyball, 9D)
Batting: RHB Bernardo Cruz 0-0: Foul Ball, location: 2F
0-1: Foul Ball, location: 2F
0-2: Ground out 4-3 (Groundball, 4)
Batting: RHB Francisco Avelleyra 0-0: Ball
1-0: Ground out 4-3 (Groundball, 4)
Bottom of the 4th over - 2 run(s), 1 hit(s), 0 error(s), 0 left on base; Springfield 2 - Richland 3
TOP OF THE 5TH
Springfield Shooters batting - Pitching for Richland Rails : RHP Tom Jones
Batting: RHB Javier Vásquez 0-0: Foul Ball, location: 2F
0-1: Foul Ball, location: 2F
0-2: Foul Ball, location: 2F
0-2: Foul Ball, location: 2F
0-2: Ball
1-2: SINGLE (Flyball, 89S)
Batting: SHB Albert Santos 0-0: Called Strike
0-1: Ball
1-1: Foul Ball, location: 2F
1-2: Ball
2-2: Hit by Pitch
Javier Vásquez to second
Batting: RHB Ethan Miller 0-0: Ball
Javier Vásquez steals 3rd base
Albert Santos to second
1-0: Called Strike
1-1: Foul Ball, location: 2F
1-2: Strikes out swinging
Batting: RHB José López 0-0: Foul Ball, location: 2F
0-1: Ball
1-1: Ball
2-1: Called Strike
2-2: Strikes out swinging
Batting: SHB Michael Coleman 0-0: Ball
1-0: SINGLE (Groundball, 6MD)
Javier Vásquez scores
Albert Santos to third
Runner from 3rd tries for Home, SAFE, no throw or cutoff
Batting: SHB Juan Gil 0-0: Foul Ball, location: 2F
0-1: Fielders Choice at 2nd, U4 (Groundball, 4M)
Top of the 5th over - 2 run(s), 2 hit(s), 0 error(s), 1 left on base; Springfield 4 - Richland 3
BOTTOM OF THE 5TH
Richland Rails batting - Pitching for Springfield Shooters : RHP Clarence Love
Batting: LHB Roberto Madrid 0-0: Ball
1-0: Ball
2-0: Fly out, F9 (Flyball, 9D)
Batting: RHB Ramón Cruz 0-0: Called Strike
0-1: Ball
1-1: Swinging Strike
1-2: SINGLE (Groundball, 56D) (infield hit)
Batting: SHB Jasper Otto 0-0: Called Strike
0-1: Ball
1-1: Fly out, F8 (Flyball, 8RM)
Batting: LHB Valentín Salas 0-0: Ball
1-0: Called Strike
1-1: SINGLE (Groundball, 5D)
Ramón Cruz to second
Batting: RHB Gustavo Berrios 0-0: Called Strike
0-1: Ball
1-1: Ball
2-1: Ball
3-1: Called Strike
3-2: Fly out, F1 (Line Drive, 15)
Bottom of the 5th over - 0 run(s), 2 hit(s), 0 error(s), 2 left on base; Springfield 4 - Richland 3
TOP OF THE 6TH
Springfield Shooters batting - Pitching for Richland Rails : RHP Tom Jones
Batting: LHB Joram Nelen 0-0: Called Strike
0-1: Foul Ball, location: 2F
0-2: Ball
1-2: SINGLE (Line Drive, 4M)
Batting: RHB Iván Ríos 0-0: Sac Bunt - play at first, batter OUT! 5-4
Joram Nelen to second
Batting: RHB Ed Lee 0-0: Ball
1-0: Ball
2-0: Foul Ball, location: 2F
2-1: Foul Ball, location: 2F
2-2: Ground out 2-3 (Groundball, 2L)
Joram Nelen to third
Batting: RHB Javier Vásquez 0-0: Swinging Strike
0-1: Ball
1-1: Swinging Strike
1-2: Strikes out swinging
Top of the 6th over - 0 run(s), 1 hit(s), 0 error(s), 1 left on base; Springfield 4 - Richland 3
BOTTOM OF THE 6TH
Richland Rails batting - Pitching for Springfield Shooters : RHP Clarence Love
Batting: SHB Felipe Cisneros 0-0: Called Strike
0-1: Called Strike
0-2: Ball
1-2: Fly out, F6 (Popup, 56)
Batting: RHB Andrew Hall 0-0: Ball
1-0: Called Strike
1-1: Ball
2-1: Called Strike
2-2: Ball
3-2: SINGLE (Groundball, 34D)
Pitching: RHP Landon Larson
Batting: RHB Bernardo Cruz 0-0: Called Strike
0-1: Foul Ball, location: 2F
0-2: Foul Ball, location: 2F
0-2: Grounds into double play, 4-6-3 (Groundball, 4)
Bottom of the 6th over - 0 run(s), 1 hit(s), 0 error(s), 0 left on base; Springfield 4 - Richland 3
TOP OF THE 7TH
Springfield Shooters batting - Pitching for Richland Rails : RHP Tom Jones
Batting: SHB Albert Santos 0-0: Ball
1-0: Ball
2-0: Fly out, F9 (Flyball, 89S)
Batting: RHB Ethan Miller 0-0: Called Strike
0-1: Foul Ball, location: 2F
0-2: Ground out 4-3 (Groundball, 34)
Batting: RHB José López 0-0: Ball
1-0: Ball
2-0: Swinging Strike
2-1: Ball
3-1: Base on Balls
Pinch Hitting: LHB Brad Shockley 0-0: Ball
1-0: Ball
2-0: Ball
3-0: Fielders Choice at 2nd, U6 (Groundball, 6M)
Top of the 7th over - 0 run(s), 0 hit(s), 0 error(s), 1 left on base; Springfield 4 - Richland 3
BOTTOM OF THE 7TH
Richland Rails batting - Pitching for Springfield Shooters : RHP Landon Larson
Now at 3B: Jim Unknown
Batting: RHB Francisco Avelleyra 0-0: Called Strike
0-1: Swinging Strike
0-2: Fly out, F8 (Flyball, 8RM)
Batting: LHB Roberto Madrid 0-0: Called Strike
Error on foul ball, E7
0-2: Ball
1-2: Fly out, F9 (Flyball, 89M)
Batting: RHB Ramón Cruz 0-0: Ball
1-0: Ball
2-0: Ball
3-0: Called Strike
3-1: Ground out 4-3 (Groundball, 4M)
Bottom of the 7th over - 0 run(s), 0 hit(s), 1 error(s), 0 left on base; Springfield 4 - Richland 3
TOP OF THE 8TH
Springfield Shooters batting - Pitching for Richland Rails : RHP Tom Jones
Pitching: RHP Luis Bejarano
Batting: SHB Juan Gil 0-0: Ball
1-0: Ball
2-0: Ball
3-0: Foul Ball, location: 2F
3-1: Base on Balls
Batting: LHB Joram Nelen 0-0: Sac Bunt - play at first, batter OUT! 1-4
Juan Gil to second
Pinch Hitting: SHB Adrián Pueblo 0-0: Intentional Walk
Pinch Hitting: RHB Noriaki Okada 0-0: Ball
1-0: Ball
2-0: Ground out 4-3 (Groundball, 4M)
Juan Gil to third
Adrián Pueblo to second
Pinch Hitting: SHB Todd Cisneros 0-0: Called Strike
0-1: Called Strike
0-2: SINGLE (Flyball, 8LS)
Juan Gil scores
Adrián Pueblo to third
Batting: SHB Albert Santos 0-0: Called Strike
0-1: Foul Ball, location: 2F
0-2: Strikes out swinging
Top of the 8th over - 1 run(s), 1 hit(s), 0 error(s), 2 left on base; Springfield 5 - Richland 3
BOTTOM OF THE 8TH
Richland Rails batting - Pitching for Springfield Shooters : RHP Landon Larson
Now at 2B: Noriaki Okada
Now in CF: Todd Cisneros
Now in RF: Don Sullivan
Batting: SHB Jasper Otto 0-0: Ground out 4-3 (Groundball, 4M)
Batting: LHB Valentín Salas 0-0: Ball
1-0: Foul Ball, location: 2F
1-1: Ball
2-1: Ball
3-1: Base on Balls
Batting: RHB Gustavo Berrios 0-0: Called Strike
0-1: Ball
1-1: Ball
2-1: Fly out, F9 (Flyball, 9LM)
Batting: SHB Felipe Cisneros 0-0: Called Strike
0-1: Called Strike
0-2: Ball
1-2: 2-RUN HOME RUN (Flyball, 89XD), Distance : 378 ft
Pinch Hitting: LHB Chris Stoltzfus 0-0: Called Strike
0-1: Ball
1-1: Swinging Strike
1-2: Ball
2-2: Ball
3-2: Foul Ball, location: 2F
3-2: Ground out 4-3 (Groundball, 4)
Bottom of the 8th over - 2 run(s), 1 hit(s), 0 error(s), 0 left on base; Springfield 5 - Richland 5
TOP OF THE 9TH
Springfield Shooters batting - Pitching for Richland Rails : RHP Luis Bejarano
Pitching: RHP Jim Unknown
Now in RF: Chris Stoltzfus
Batting: RHB Ethan Miller 0-0: Ball
1-0: Ground out 5-3 (Groundball, 5S)
Batting: RHB José López 0-0: Ball
1-0: Ball
2-0: Ball
3-0: Fly out, F9 (Flyball, 89M)
Batting: RHB Jim Unknown 0-0: Ball
1-0: Called Strike
1-1: Foul Ball, location: 2F
1-2: Ball
2-2: Ball
3-2: Foul Ball, location: 2F
3-2: Fly out, F5 (Line Drive, 5L)
Top of the 9th over - 0 run(s), 0 hit(s), 0 error(s), 0 left on base; Springfield 5 - Richland 5
BOTTOM OF THE 9TH
Richland Rails batting - Pitching for Springfield Shooters : RHP Landon Larson
Pinch Hitting: RHB Jack Davis 0-0: Ball
1-0: Called Strike
1-1: Ball
2-1: Ball
3-1: Base on Balls
Batting: RHB Francisco Avelleyra 0-0: Bunted foul
0-1: Bunted foul
0-2: Ball
1-2: Ball
2-2: Ball
3-2: Base on Balls
Jack Davis to second
Pinch Hitting: RHB José Herrera 0-0: Bunted foul
0-1: Sac Bunt - play at third, runner OUT! 3-6
Francisco Avelleyra to second
Pinch Hitting: SHB Shelby Reusch 0-0: Called Strike
0-1: Ball
1-1: Ball
2-1: Foul Ball, location: 2F
2-2: Strikes out swinging
Pitching: RHP Sun-taek Ch'oe
Batting: SHB Jasper Otto 0-0: Ball
1-0: Ground out 6-3 (Groundball, 56)
Bottom of the 9th over - 0 run(s), 0 hit(s), 0 error(s), 2 left on base; Springfield 5 - Richland 5
TOP OF THE 10TH
Springfield Shooters batting - Pitching for Richland Rails : RHP Jim Unknown
Now at 1B: Jack Davis
Now at SS: Tiaki Kunani
Batting: SHB Juan Gil 0-0: Swinging Strike
Now in LF: Juan Martínez 0-1: Called Strike
0-2: Foul Ball, location: 2F
0-2: Ball
1-2: Strikes out swinging
Batting: LHB Joram Nelen 0-0: Called Strike
0-1: Ball
1-1: Ground out U3 (Groundball, 3L)
Batting: LHB Don Sullivan 0-0: Fly out, F8 (Flyball, 8LM)
Top of the 10th over - 0 run(s), 0 hit(s), 0 error(s), 0 left on base; Springfield 5 - Richland 5
BOTTOM OF THE 10TH
Richland Rails batting - Pitching for Springfield Shooters : RHP Sun-taek Ch'oe
Batting: LHB Valentín Salas 0-0: Ball
1-0: Swinging Strike
1-1: Ball
2-1: Foul Ball, location: 2F
2-2: Ball
3-2: Base on Balls
Batting: RHB Gustavo Berrios 0-0: Called Strike
0-1: Foul Ball, location: 2F
0-2: Ball
1-2: DOUBLE (Flyball, 89D)
Valentín Salas to third
Batting: SHB Felipe Cisneros 0-0: Ball
1-0: Called Strike
1-1: Ball
2-1: Ball
3-1: Base on Balls
Batting: LHB Chris Stoltzfus 0-0: Ball
1-0: Foul Ball, location: 2F
1-1: Foul Ball, location: 2F
1-2: Foul Ball, location: 2F
1-2: Ball
2-2: Strikes out swinging
Batting: RHB Jack Davis 0-0: Called Strike
0-1: Ball
1-1: Foul Ball, location: 2F
1-2: Ball
2-2: Ball
3-2: Fly out, F4 (Popup, 4D)
Batting: RHB Francisco Avelleyra 0-0: Ball
1-0: Fielders Choice at 2nd, 6-4 (Groundball, 6)
Bottom of the 10th over - 0 run(s), 1 hit(s), 0 error(s), 2 left on base; Springfield 5 - Richland 5
TOP OF THE 11TH
Springfield Shooters batting - Pitching for Richland Rails : RHP Jim Unknown
Pitching: RHP Maxwell Simon
Batting: RHB Noriaki Okada 0-0: Foul Ball, location: 2F
0-1: Reached on error, E5 (Groundball, 56S)
Batting: SHB Todd Cisneros 0-0: Ball
1-0: Sac Bunt - play at first, batter OUT! 1-4
Noriaki Okada to second
Batting: SHB Albert Santos 0-0: Ground out 4-3 (Groundball, 34D)
Noriaki Okada to third
Batting: RHB Ethan Miller 0-0: Called Strike
0-1: SINGLE (Flyball, 8LS)
Noriaki Okada scores
Batting: RHB José López 0-0: Called Strike
0-1: Ball
1-1: Fly out, F9 (Flyball, 89M)
Top of the 11th over - 1 run(s), 1 hit(s), 1 error(s), 1 left on base; Springfield 6 - Richland 5
BOTTOM OF THE 11TH
Richland Rails batting - Pitching for Springfield Shooters : RHP Sun-taek Ch'oe
Pitching: RHP Vincente Ortíz
Batting: RHB Juan Martínez 0-0: Ball
1-0: Ground out 5-3 (Groundball, 56)
Batting: RHB Tiaki Kunani 0-0: Ball
1-0: SINGLE (Groundball, 25) (infield hit)
Batting: SHB Jasper Otto 0-0: SINGLE (Line Drive, 34)
Tiaki Kunani to second
Batting: LHB Valentín Salas 0-0: Ball
1-0: Ball
2-0: Ball
3-0: Called Strike
3-1: Called Strike
3-2: Foul Ball, location: 2F
3-2: Base on Balls
Tiaki Kunani to third
Jasper Otto to second
Batting: RHB Gustavo Berrios 0-0: Called Strike
0-1: Fly out, F4 (Popup, 3D)
Batting: SHB Felipe Cisneros 0-0: Ball
1-0: Ball
2-0: Ball
3-0: Base on Balls
Tiaki Kunani scores
Jasper Otto to third
Valentín Salas to second
Batting: LHB Chris Stoltzfus 0-0: Fly out, F4 (Popup, 4M)
Bottom of the 11th over - 1 run(s), 2 hit(s), 0 error(s), 3 left on base; Springfield 6 - Richland 6
TOP OF THE 12TH
Springfield Shooters batting - Pitching for Richland Rails : RHP Maxwell Simon
Batting: RHB Jim Unknown 0-0: Ball
1-0: Ground out 4-3 (Groundball, 4M)
Batting: SHB Juan Gil 0-0: Ball
1-0: SINGLE (Groundball, 56D)
Batting: LHB Joram Nelen 0-0: Called Strike
0-1: Called Strike
0-2: Ball
1-2: Ball
2-2: Foul Ball, location: 2F
2-2: Foul Ball, location: 2F
2-2: 2-RUN HOME RUN (Flyball, 89XD), Distance : 379 ft
Batting: LHB Don Sullivan 0-0: Ball
1-0: Ball
2-0: Foul Ball, location: 2F
2-1: Ball
3-1: Base on Balls
Batting: RHB Noriaki Okada 0-0: Called Strike
0-1: Ball
1-1: Foul Ball, location: 2F
1-2: Foul Ball, location: 2F
1-2: Grounds into double play, U6-3 (Groundball, 6M)
Top of the 12th over - 2 run(s), 2 hit(s), 0 error(s), 0 left on base; Springfield 8 - Richland 6
BOTTOM OF THE 12TH
Richland Rails batting - Pitching for Springfield Shooters : RHP Vincente Ortíz
Batting: RHB Jack Davis 0-0: Ground out 6-3 (Groundball, 6)
Batting: RHB Francisco Avelleyra 0-0: Ball
1-0: Ground out 4-3 (Groundball, 4M)
Batting: RHB Juan Martínez 0-0: Ground out 2-3 (Groundball, 2R)
Bottom of the 12th over - 0 run(s), 0 hit(s), 0 error(s), 0 left on base; Springfield 8 - Richland 6
This league is powered by Out of the Park Baseball, the baseball management simulation game for PC, Mac and Linux
Friday, April 15th, 2016 - OOTP Baseball 16.9 Build 39